 Dungeon Crawl Stone Soup version 0.31.0 (webtiles) character file.

Game seed: 14603071550300643087

95 qw the Shooter (level 4, 0/28 HPs)
             Began as a Gargoyle Hunter on Jan 19, 2024.
             Slain by a scorpion (1 damage)
             ... on level 3 of the Dungeon.
             The game lasted 00:00:08 (1973 turns).

qw the Shooter (Gargoyle Hunter)                    Turns: 1973, Time: 00:00:08

Health: 0/28       AC:  8    Str: 14    XL:     4   Next: 66%
Magic:  4/4        EV: 10    Int: 10    God:
Gold:   134        SH:  0    Dex: 15    Spells: 3/3 levels left

rFire   . . .        a - +0 shortbow
rCold   + . .        (shield currently unavailable)
rNeg    + . .        e - +0 ring mail
rPois   inf          (no helmet)
rElec   +            (no cloak)
rCorr   .            (no gloves)
SInv    .            (no boots)
Will    .....        (no amulet)
Stlth   +            f - ring of protection from cold
HPRegen 0.24/turn    (no ring)
MPRegen 0.09/turn

%: no passive effects
@: no status effects
A: sickness immunity, AC +3, negative energy resistance 1, electricity
resistance, torment resistance 1, petrification resistance
a: no special abilities


You were on level 3 of the Dungeon.
You visited 1 branch of the dungeon, and saw 3 of its levels.

You collected 134 gold pieces.


Innate Abilities, Weirdness & Mutations

You are immune to sickness and miasma.
Your stone body is resilient. (AC +3)
You are immune to poison.
You resist negative energy. (rN+)
You are resistant to electric shocks. (rElec)
You are resistant to unholy torment.
You are immune to petrification.


   Skills:
 - Level 3.0 Fighting
 + Level 5.4 Ranged Weapons
 - Level 1.2 Armour
 - Level 1.5 Dodging
 - Level 1.1 Stealth


You had 3 spell levels left.
You didn't know any spells.
Your spell library was empty.

Inventory:

Hand Weapons
 a - a +0 shortbow (weapon)
Armour
 e - a +0 ring mail (worn)
Jewellery
 f - a ring of protection from cold (left hand)
Scrolls
 d - a scroll of enchant armour
Potions
 h - a potion of resistance
 i - a potion of ambrosia {unknown}
 j - a potion of enlightenment {unknown}
 k - a potion of attraction {unknown}
 l - a potion of lignification {unknown}

Dungeon Overview and Level Annotations

Branches:
Dungeon (3/15)

Altars:


Message History

You shoot an arrow. The arrow hits the scorpion.
The scorpion is moderately wounded.
The scorpion closely misses you.
You shoot an arrow. The arrow closely misses the scorpion.
The scorpion stings you but does no damage. x2
You shoot an arrow. The arrow barely misses the scorpion.
The scorpion closely misses you.
You shoot an arrow.
The arrow hits the scorpion but does no damage.
The scorpion is moderately wounded.
The scorpion stings you.
The scorpion stings you but does no damage.
You shoot an arrow.
The arrow hits the scorpion but does no damage.
The scorpion is moderately wounded.
The scorpion misses you.
You shoot an arrow. The arrow hits the scorpion.
The scorpion is moderately wounded.
The scorpion stings you. x2
You shoot an arrow. The arrow hits the scorpion.
The scorpion is heavily wounded.
The scorpion stings you.
You shoot an arrow. The arrow hits the scorpion.
The scorpion is heavily wounded.
The scorpion stings you.
You shoot an arrow. The arrow closely misses the scorpion.
The scorpion stings you. The scorpion barely misses you.
You shoot an arrow. The arrow hits the scorpion.
The scorpion is severely wounded.
The scorpion closely misses you.
You shoot an arrow. The arrow barely misses the scorpion.
The scorpion stings you. The scorpion closely misses you.
You shoot an arrow.
The arrow hits the scorpion but does no damage.
The scorpion is severely wounded.
The scorpion stings you.
You shoot an arrow. The arrow barely misses the scorpion.
The scorpion stings you but does no damage.
The scorpion stings you.
You die...

# #.#..####.#######.########
.##.#.........#.............
............#.#.###.########
.#.%...######.# #.#.#
.#.#....... # #...#
.#.#...###.. #.###
.#.#..>..... #.#
.#.#######...%###.## %#.#
#..?...@..#
.<.#######....##s..#
............ #......
.#########. ##..##.# ..#
#... # ..######## ..###
.........# ... .........#
..# )........#


You could see a scorpion.

Vanquished Creatures
  3 adders
  6 dart slugs
  A ribbon worm (D:3)
  5 ball pythons (D:1)
  5 endoplasms
  4 giant cockroaches
  3 hobgoblins
  3 quokkas
  A bat (D:1)
  5 frilled lizards
  8 goblins
  6 kobolds
  3 rats
53 creatures vanquished.

Notes
Turn   | Place    | Note
-------+----------+-------------------------------------------
     0 | D:1      | qw the Gargoyle Hunter began the quest for the Orb.
     0 | D:1      | Reached XP level 1. HP: 12/12 MP: 1/1
     0 | D:1      | 0 ||| qw: Version: 0.3-a-132-g3d54051
     0 | D:1      | 0 ||| qw: Game counter: 352
     0 | D:1      | 0 ||| qw: Melee chars always use a shield: true
     0 | D:1      | 0 ||| qw: God list: Okawaru
     0 | D:1      | 0 ||| qw: Allow faded altars: false
     0 | D:1      | 0 ||| qw: Do Orc after clearing Dungeon:15 true
     0 | D:1      | 0 ||| qw: Do second Lair branch before Depths: true
     0 | D:1      | 0 ||| qw: Lair rune preference: random
     0 | D:1      | 0 ||| qw: Goals: Normal
     0 | D:1      | 0 ||| PLANNING D:1-11
    92 | D:1      | Reached XP level 2. HP: 17/17 MP: 2/2
   329 | D:1      | Reached XP level 3. HP: 16/21 MP: 3/3
   392 | D:1      | Reached skill level 5 in Ranged Weapons
   901 | D:1      | 901 ||| UPGRADING to +0 ring mail.
   911 | D:1      | 911 ||| DROPPING +0 leather armour.
   912 | D:1      | 912 ||| UPGRADING to ring of protection from cold.
   913 | D:1      | 913 ||| READING 2 scrolls labelled PUSKUREJAJ.
   913 | D:1      | 913 ||| ENCHANTING +0 shortbow.
   914 | D:1      | 914 ||| READING scroll labelled KEDINKUAWO.
   915 | D:1      | 915 ||| DROPPING scroll of butterflies.
   986 | D:2      | Reached skill level 1 in Armour
  1160 | D:2      | Reached XP level 4. HP: 26/27 MP: 4/4
  1392 | D:2      | Found a faded altar of an unknown god.
  1489 | D:2      | Reached skill level 3 in Fighting
  1648 | D:2      | 1648 ||| DROPPING ring of wizardry.
  1649 | D:2      | 1649 ||| DROPPING ring of magical power.
  1650 | D:2      | 1650 ||| READING scroll labelled FUUTUT ZAIMIONA.
  1651 | D:2      | 1651 ||| READING scroll labelled ICWEGR NEVVITS.
  1651 | D:2      | 1651 ||| IDENTIFYING bubbling yellow potion
  1652 | D:2      | 1652 ||| READING scroll labelled KAN GAKIBOE.
  1653 | D:2      | 1653 ||| READING scroll labelled GALUMEUMEIH.
  1654 | D:2      | 1654 ||| FLEEEEING.
  1863 | D:3      | 1863 ||| FLEEEEING.
  1953 | D:3      | 1953 ||| FLEEEEING.
  1956 | D:3      | Noticed a scorpion
  1971 | D:3      | HP: 5/28 [scorpion (6)]
  1972 | D:3      | HP: 1/28 [scorpion (4)]
  1973 | D:3      | Slain by a scorpion

Levels and vault maps discovered:
D:1:      tekkud_arrival_beachfront_property, layout_basic,
          wad_floor_pattern_untrapped, minmay_statues_item, interstate_on_off,
          minmay_misc_feat_nine_boxes, minmay_pentomino_r2
D:2:      layout_loops_ring, hellmonk_ecumenical_altar_leap_of_faith
D:3:      layout_basic, nicolae_yredelemnul_corpse_copse

Skill      XL: |  1  2  3  4 |
---------------+-------------+-----
Ranged Weapons | 5 |  5.4
Armour         | 1 |  1.2
Fighting       | 3 |  3.0
Dodging        | |  1.5
Stealth        | |  1.1

Action                     |  1- 3 |  4- 6 || total
---------------------------+-------+-------++-------
   Fire: Shortbow          |    98 |    79 ||   177
    Use: Scroll            |     2 |     4 ||     6
 Armour: Leather armour    |    12 |       ||    12
         Ring mail         |     6 |    40 ||    46
  Dodge: Dodged            |    17 |    16 ||    33

Table legend:
 A = Non-vault XP
 B = Vault XP
 C = Vault XP percentage of total XP
 D = Non-vault monster count
 E = Vault monster count
 F = Vault count percentage of total count
                 A         B        C        D         E       F
            +---------+---------+-------+---------+---------+-------
      Total |     135 |       2 |   1.5 |      52 |       1 |   1.9
            +---------+---------+-------+---------+---------+-------
        D:1 |      55 |       2 |   3.5 |      30 |       1 |   3.2
        D:2 |      38 |       0 |   0.0 |      14 |       0 |   0.0
        D:3 |      42 |       0 |   0.0 |       8 |       0 |   0.0
            +---------+---------+-------+---------+---------+-------
